Map: Temple gelé

Players

XiaoWangZi - Winner!

  • Race: Terran Terran
  • League: Master

MONSTER

  • Race: Zerg Zerg
  • League: Master

VOD

Have the link to the VOD?

Description

Time

  • Played on: April 4, 2016, 1:52 p.m.
  • Length: 10:51
Show
View Real Time Build Order
Export as new Build Order

XiaoWangZi Terran - Winner!

Build Orders: Reaper Expand, MMM Bio 

Get SALT Encoding   

  12  0:01  SCV  
  13  0:13  SCV  
  14  0:19  Supply Depot  
  14  0:25  SCV  
  15  0:34  Refinery  
  15  0:40  SCV  
  16  0:46  Barracks  
  16  0:52  SCV  
  17  1:04  SCV  
  18  1:16  SCV  
  19  1:32  Orbital Command  
  19  1:34  Reaper  
  20  1:47  Command Center  
  20  2:01  Factory, SCV  
  21  2:12  Barracks Reactor  
  21  2:13  SCV  
  22  2:21  Supply Depot  
  22  2:25  SCV  
  23  2:42  SCV  
  24  2:53  Barracks  
  24  2:54  SCV  
  24  2:55  Barracks  
  24  2:56  Hellion  
  27  3:00  Barracks Tech Lab  
  27  3:01  Supply Depot  
  27  3:04  Orbital Command  
  27  3:08  SCV  
  28  3:19  Stimpack  
  28  3:20  SCV  
  28  3:24  Hellion  
  28  3:26  Marine  
  32  3:32  SCV x2  
  36  3:34  Hellion  
  36  3:43  Barracks Reactor  
  36  3:44  SCV  
  36  3:46  SCV  
  36  3:47  Barracks Reactor  
  38  3:49  Hellion  
  38  3:52  Marine  
  40  3:56  SCV, Hellion  
  43  4:05  SCV  
  43  4:09  SCV  
  45  4:10  Marine, Hellion  
  45  4:12  Supply Depot  
  48  4:18  SCV, Hellion  
  48  4:21  Supply Depot  
  48  4:22  Marine x2  
  48  4:24  Marine  
  53  4:27  Supply Depot  
  54  4:33  Marine x2  
  54  4:34  SCV  
  54  4:37  SCV  
  58  4:40  Marine x2  
  58  4:41  Hellion  
  58  4:43  Hellion  
  64  4:46  Marine, SCV  
  64  4:50  SCV  
  67  4:58  SCV  
  67  5:01  Armory, Marine x3  
  67  5:02  SCV  
  70  5:07  Marine, Supply Depot  
  70  5:08  Hellion  
  70  5:10  SCV  
  70  5:11  Hellion  
  77  5:14  SCV  
  77  5:17  Marine  
  78  5:27  Supply Depot  
  78  5:29  Marine x2, SCV, Hellion  
  83  5:37  SCV  
  83  5:39  Command Center  
  83  5:40  Marine  
  85  5:43  Starport  
  85  5:46  SCV  
  85  5:48  Marine  
  87  5:50  Marine x2  
  87  5:56  SCV  
  87  5:57  Marine  
  92  5:58  Marine  
  92  6:01  Hellion  
  94  6:19  Marine  
  94  6:32  Marine x3, SCV, Hellion x2  
  102  6:36  Marine  
  102  6:37  SCV  
  102  6:38  Marine  
  92  6:49  Marine x3  
  92  6:52  SCV, Orbital Command  
  92  6:54  Marine, Hellion x2  
  96  6:56  Marine  
  95  7:07  Marine x3  
  95  7:11  Marine  
  95  7:14  Marine  
  71  7:24  SCV  
  71  7:25  Barracks x2, Factory Tech Lab, Marine x3  
  71  7:26  Barracks, Terran Vehicle Weapons Level 1  
  71  7:27  Starport Reactor, Engineering Bay  
  71  7:28  Engineering Bay  
  71  7:29  Marine  
  75  7:30  SCV  
  75  7:31  Marine  
  75  7:34  Orbital Command  
  75  7:36  SCV  
  79  7:38  Bunker  
  79  7:43  Marine x2  
  78  7:52  Marine  
  78  7:53  Marine x2  
  78  7:54  Siege Tank  
  78  7:56  SCV x2  
  86  8:01  SCV  
  86  8:02  Hellion x3  
  86  8:03  Barracks, Marine  
  86  8:05  Combat Shields  
  88  8:06  Terran Infantry Weapons Level 1  
  88  8:08  SCV x2  
  88  8:11  Refinery  
  90  8:13  Refinery, SCV  
  90  8:15  Refinery, Supply Depot  
  90  8:18  Marine x2  
  90  8:19  Marine x2  
  95  8:20  SCV x2  
  97  8:27  Refinery  
  97  8:28  Marine, Refinery  
  97  8:29  Barracks Reactor  
  97  8:30  Marine x2  
  97  8:31  SCV  
  101  8:34  SCV x2  
  101  8:36  Marine x3  
  101  8:37  Marine  
  101  8:41  Terran Infantry Armor Level 1  
  107  8:43  SCV  
  107  8:45  Marine  
  107  8:46  SCV  
  107  8:48  Marine x2  
  112  8:50  Medivac  
  112  8:54  Marine  
  109  8:56  SCV x2  
  109  8:59  Marine x2  
  109  9:00  Marine x3  
  116  9:03  Marine  
  116  9:05  Marine x2, Command Center  
  116  9:06  Marine x2  
  116  9:07  Medivac  
  124  9:10  SCV  
  124  9:11  Supply Depot  
  124  9:12  Marine, Supply Depot  
  122  9:17  Marine x3  
  125  9:30  Bunker  
  124  9:32  Medivac, Marine x3  
  124  9:33  Siege Tank  
  124  9:36  Supply Depot x2  
  124  9:37  Marine, Medivac, Supply Depot  
  124  9:38  Marine x2  
  137  9:40  Marine, Supply Depot  
  137  9:41  Marine x2  
  137  9:42  SCV  
  141  9:53  Barracks Reactor  
  141  9:57  Marine x3  
  141  9:58  SCV x3  
  147  10:00  Supply Depot  
  147  10:02  Medivac  
  147  10:06  Medivac  
  151  10:10  SCV  
  144  10:19  Marine x4  
  143  10:24  Marine x3  
  143  10:25  Marine  
  143  10:28  Marine x3  
Show
View Real Time Build Order
Export as new Build Order

MONSTER Zerg 

Build Orders: Hatch First 

Get SALT Encoding   

  12  0:01  Drone  
  13  0:12  Overlord  
  13  0:17  Drone  
  14  0:26  Drone, Extractor  
  15  0:32  Drone  
  16  0:38  Drone  
  17  0:53  Hatchery  
  17  0:56  Drone  
  17  0:59  Drone  
  17  1:01  Extractor  
  17  1:15  Spawning Pool  
  17  1:17  Drone  
  17  1:21  Drone  
  18  1:28  Drone  
  19  1:43  Overlord  
  19  1:50  Drone  
  20  2:02  Queen  
  20  2:04  Zergling x2  
  20  2:07  Zergling x2, Queen  
  20  2:08  Metabolic Boost  
  26  2:12  Drone  
  27  2:16  Drone  
  27  2:22  Zergling x2  
  29  2:29  Drone  
  29  2:38  Drone x2  
  30  2:52  Overlord, Queen  
  30  2:53  Drone  
  33  3:02  Overlord  
  33  3:07  Drone  
  34  3:26  Drone, Overlord  
  34  3:27  Drone x6, Hatchery  
  40  3:52  Drone x2  
  40  3:53  Drone, Queen  
  40  3:55  Drone x2  
  47  3:56  Lair  
  47  3:57  Overlord  
  47  3:58  Extractor  
  44  4:02  Roach Warren  
  44  4:05  Zergling x8  
  44  4:08  Extractor  
  46  4:15  Drone  
  46  4:16  Drone  
  48  4:22  Zergling x2  
  49  4:33  Drone x3  
  50  4:43  Roach x2  
  50  4:44  Roach, Drone  
  57  4:46  Spine Crawler  
  57  4:50  Spore Crawler  
  55  4:54  Drone  
  56  5:05  Drone  
  56  5:07  Hydralisk Den  
  54  5:17  Drone x3  
  57  5:23  Drone x2  
  57  5:24  Drone x3  
  62  5:29  Extractor  
  62  5:31  Evolution Chamber  
  62  5:32  Drone, Evolution Chamber  
  62  5:33  Spore Crawler  
  59  5:35  Drone  
  59  5:36  Drone x2  
  59  5:37  Hydralisk x2, Muscular Augments  
  59  5:39  Queen  
  68  5:49  Drone  
  69  5:52  Roach x2  
  69  5:55  Overlord, Extractor  
  71  6:00  Roach, Spine Crawler  
  72  6:07  Roach x2, Overlord  
  72  6:10  Overlord  
  74  6:11  Spine Crawler  
  74  6:12  Hydralisk x3  
  73  6:23  Hydralisk x3  
  53  6:46  Hydralisk x3  
  55  6:47  Drone x2  
  55  6:49  Zergling x6  
  60  6:55  Zergling x4  
  60  6:58  Zergling x2  
  60  7:01  Drone  
  54  7:16  Drone  
  54  7:17  Drone  
  54  7:27  Drone x2  
  56  7:50  Hydralisk  
  39  7:59  Drone x3  
  39  8:00  Drone x4  
  39  8:02  Drone x5  
  51  8:14  Drone x3  
  54  8:22  Drone  
  54  8:23  Drone  
  54  8:25  Zergling x6  
  59  8:32  Drone  
  60  8:38  Drone x2  
  60  8:40  Hydralisk  
  65  8:55  Drone x2  
  65  8:56  Overlord  
  65  8:58  Overlord x3  
  66  9:09  Overlord  
  65  9:23  Hydralisk x6  
  65  9:24  Hydralisk  
  73  9:27  Drone x2  
  73  9:29  Extractor  
  78  9:32  Hydralisk x2  
  78  9:34  Drone  
  78  9:35  Drone  
  78  9:37  Drone, Hatchery  
  84  9:40  Drone  
  85  9:49  Hydralisk  
  85  9:51  Drone x3  
  90  9:53  Drone  
  90  9:54  Drone  
  90  9:55  Drone  
  90  9:59  Hydralisk  
  93  10:01  Overseer  
  93  10:04  Hydralisk  
  79  10:19  Zergling x8  
  79  10:20  Zergling x12  
Tags
 
Add a new tag
Caveats
  • Supply blocks, unpowered buildings, or Contaminate may cause inaccurate times.
  • Supply counts are checked every 10 seconds.